| TOP OF THE 1ST |
|
Pawtucket Red Sox batting - Pitching for Scranton WB RailRiders : RHP Leo Gonzales
|
|
Pitching: RHP Leo Gonzales
|
|
|
Batting: RHB Matt Hinkle
|
0-0: Ball 1-0: Ground out 6-3 (Groundball, 6, EV 105.6 MPH)
|
|
Batting: RHB Tony Nunez
|
0-0: Ball 1-0: Called Strike 1-1: Ground out U3 (Groundball, 34S, EV 86.9 MPH)
|
|
Batting: RHB Dave Burwell
|
0-0: Ball 1-0: Ball 2-0: Fly out, F4 (Popup, 4M, EV 62.5 MPH)
|
| Top of the 1st over - 0 runs, 0 hits, 0 errors, 0 left on base; Pawtucket 0 - Scranton WB 0 |
| BOTTOM OF THE 1ST |
|
Scranton WB RailRiders batting - Pitching for Pawtucket Red Sox : RHP Justin Swenson
|
|
Pitching: RHP Justin Swenson
|
|
|
Batting: SHB Jay Gagnon
|
0-0: Ground out 6-3 (Groundball, P, EV 84.4 MPH)
|
|
Batting: RHB Andy Wasierski
|
0-0: Ball 1-0: Called Strike 1-1: Ball 2-1: Fly out, F8 (Flyball, 8RXD, EV 87.5 MPH)
|
|
Batting: RHB Devon Utley
|
0-0: Ball 1-0: Ground out 6-3 (Groundball, 6S, EV 82.5 MPH)
|
| Bottom of the 1st over - 0 runs, 0 hits, 0 errors, 0 left on base; Pawtucket 0 - Scranton WB 0 |
| TOP OF THE 2ND |
|
Pawtucket Red Sox batting - Pitching for Scranton WB RailRiders : RHP Leo Gonzales
|
|
Batting: LHB David Moore
|
0-0: SINGLE (Flyball, 78M, EV 92.5 MPH)
|
|
Batting: RHB Rodolfo Contreras
|
0-0: Swinging Strike 0-1: Ball 1-1: Fly out, F9 (Flyball, 9, EV 81.9 MPH)
|
|
Batting: LHB Frank Olivo
|
0-0: Foul Ball, location: 2F 0-1: Ball 1-1: Fielders Choice at 2nd, 5-4 (Groundball, 56, EV 102.5 MPH)
|
|
Batting: RHB Brandon Perris
|
0-0: Ball 1-0: Ball 2-0: Called Strike Frank Olivo steals 2nd base 2-1: Called Strike 2-2: Foul Ball, location: 2F 2-2: Ground out 6-3 (Groundball, 6, EV 101.9 MPH)
|
| Top of the 2nd over - 0 runs, 1 hit, 0 errors, 1 left on base; Pawtucket 0 - Scranton WB 0 |
| BOTTOM OF THE 2ND |
|
Scranton WB RailRiders batting - Pitching for Pawtucket Red Sox : RHP Justin Swenson
|
|
Batting: SHB Ryan Buchbinder
|
0-0: Ground out 3-1 (Groundball, 34, EV 81.2 MPH)
|
|
Batting: SHB Jose Vargas
|
0-0: Swinging Strike 0-1: Foul Ball, location: 2F 0-2: Ball 1-2: Ball 2-2: Ball 3-2: Strikes out swinging
|
|
Batting: SHB Joe Fure
|
0-0: Called Strike 0-1: Fly out, F5 (Popup, 56S, EV 87.5 MPH)
|
| Bottom of the 2nd over - 0 runs, 0 hits, 0 errors, 0 left on base; Pawtucket 0 - Scranton WB 0 |
| TOP OF THE 3RD |
|
Pawtucket Red Sox batting - Pitching for Scranton WB RailRiders : RHP Leo Gonzales
|
|
Batting: RHB Joe Evrard
|
0-0: Called Strike 0-1: Ball 1-1: Swinging Strike 1-2: Ball 2-2: Foul Ball, location: 2F 2-2: DOUBLE (Line Drive, 78XD, EV 107.5 MPH)
|
|
Batting: RHB Ted Emmerich
|
0-0: Ball 1-0: Ball 2-0: Fly out, F3 (Line Drive, 34, EV 69.4 MPH)
|
|
Batting: RHB Matt Hinkle
|
0-0: Called Strike 0-1: Ground out 5-3 (Groundball, 56, EV 90.6 MPH)
|
|
Batting: RHB Tony Nunez
|
0-0: Ball 1-0: Swinging Strike 1-1: Ball 2-1: Foul Ball, location: 2F 2-2: Ground out 6-3 (Groundball, 6, EV 109.4 MPH)
|
| Top of the 3rd over - 0 runs, 1 hit, 0 errors, 1 left on base; Pawtucket 0 - Scranton WB 0 |
| BOTTOM OF THE 3RD |
|
Scranton WB RailRiders batting - Pitching for Pawtucket Red Sox : RHP Justin Swenson
|
|
Batting: RHB Alfredo Rodriguez
|
0-0: Called Strike 0-1: Called Strike 0-2: Ball 1-2: Ball 2-2: Foul Ball, location: 2F 2-2: Ball 3-2: SINGLE (Groundball, 6MD, EV 99.4 MPH)
|
|
Batting: LHB Jose Lebron
|
0-0: Called Strike 0-1: Called Strike 0-2: Strikes out swinging
|
|
Batting: RHB Mike Plugge
|
0-0: Foul Ball, location: 2F 0-1: 2-RUN HOME RUN (Flyball, 78XD, EV 99.4 MPH), Distance : 391 ft
|
|
Batting: SHB Jay Gagnon
|
0-0: Ground out 6-3 (Groundball, 4MS, EV 85.6 MPH)
|
|
Batting: RHB Andy Wasierski
|
0-0: Ball 1-0: Foul Ball, location: 2F 1-1: Swinging Strike 1-2: Strikes out swinging
|
| Bottom of the 3rd over - 2 runs, 2 hits, 0 errors, 0 left on base; Pawtucket 0 - Scranton WB 2 |
| TOP OF THE 4TH |
|
Pawtucket Red Sox batting - Pitching for Scranton WB RailRiders : RHP Leo Gonzales
|
|
Batting: RHB Dave Burwell
|
0-0: Ball 1-0: DOUBLE (Flyball, 8RXD, EV 108.1 MPH)
|
|
Batting: LHB David Moore
|
0-0: Ball 1-0: Ball 2-0: SINGLE (Groundball, 6MS, EV 70.0 MPH) (infield hit) Dave Burwell to third
|
|
Batting: RHB Rodolfo Contreras
|
0-0: SINGLE (Groundball, 4MD, EV 98.1 MPH) Dave Burwell scores David Moore to second
|
|
Batting: LHB Frank Olivo
|
0-0: DOUBLE (Line Drive, 89XD, EV 99.4 MPH) David Moore scores Rodolfo Contreras to third
|
|
Batting: RHB Brandon Perris
|
0-0: Ball 1-0: Foul Ball, location: 2F 1-1: Ball 2-1: Swinging Strike 2-2: Foul Ball, location: 2F 2-2: 3-RUN HOME RUN (Flyball, 7D, EV 105.0 MPH), Distance : 379 ft
|
|
Batting: RHB Joe Evrard
|
0-0: Ball 1-0: Ball 2-0: Swinging Strike 2-1: Swinging Strike 2-2: Strikes out swinging
|
|
Batting: RHB Ted Emmerich
|
0-0: Ball 1-0: Foul Ball, location: 2F 1-1: Ball 2-1: Called Strike 2-2: Ground out U3 (Groundball, 34, EV 86.2 MPH)
|
|
Batting: RHB Matt Hinkle
|
0-0: Ball 1-0: Swinging Strike 1-1: Swinging Strike 1-2: Ground out 6-3 (Groundball, 6S, EV 75.6 MPH)
|
| Top of the 4th over - 5 runs, 5 hits, 0 errors, 0 left on base; Pawtucket 5 - Scranton WB 2 |
| BOTTOM OF THE 4TH |
|
Scranton WB RailRiders batting - Pitching for Pawtucket Red Sox : RHP Justin Swenson
|
|
Batting: RHB Devon Utley
|
0-0: Foul Ball, location: 2F 0-1: Ball 1-1: Swinging Strike 1-2: Ground out 6-3 (Groundball, 6, EV 81.9 MPH)
|
|
Batting: SHB Ryan Buchbinder
|
0-0: Called Strike 0-1: Ground out 5-3 (Groundball, 56S, EV 91.9 MPH)
|
|
Batting: SHB Jose Vargas
|
0-0: Ball 1-0: Foul Ball, location: 2F 1-1: Called Strike 1-2: Foul Ball, location: 2F 1-2: Foul Ball, location: 2F 1-2: Ball 2-2: Foul Ball, location: 2F 2-2: Strikes out swinging
|
| Bottom of the 4th over - 0 runs, 0 hits, 0 errors, 0 left on base; Pawtucket 5 - Scranton WB 2 |
| TOP OF THE 5TH |
|
Pawtucket Red Sox batting - Pitching for Scranton WB RailRiders : RHP Leo Gonzales
|
|
Pitching: RHP Whitney Batten
|
|
|
Batting: RHB Tony Nunez
|
0-0: Ground out 6-3 (Groundball, 6, EV 83.8 MPH)
|
|
DELAY
|
Rain delay of 24 minutes in the 5th inning.
|
|
Batting: RHB Dave Burwell
|
0-0: Fly out, F8 (Flyball, 8RS, EV 86.9 MPH)
|
|
Batting: LHB David Moore
|
0-0: Fly out, F7 (Flyball, 78M, EV 95.0 MPH)
|
| Top of the 5th over - 0 runs, 0 hits, 0 errors, 0 left on base; Pawtucket 5 - Scranton WB 2 |
| BOTTOM OF THE 5TH |
|
Scranton WB RailRiders batting - Pitching for Pawtucket Red Sox : RHP Justin Swenson
|
|
Batting: SHB Joe Fure
|
0-0: Called Strike 0-1: Ball 1-1: Ground out 5-3 (Groundball, 56, EV 83.1 MPH)
|
|
Batting: RHB Alfredo Rodriguez
|
0-0: Ball 1-0: Swinging Strike 1-1: Ball 2-1: Ball 3-1: Ground out 4-3 (Groundball, 6MD, EV 85.0 MPH)
|
|
Batting: LHB Jose Lebron
|
0-0: Ball 1-0: Fly out, F8 (Flyball, 78D, EV 81.9 MPH)
|
| Bottom of the 5th over - 0 runs, 0 hits, 0 errors, 0 left on base; Pawtucket 5 - Scranton WB 2 |
| TOP OF THE 6TH |
|
Pawtucket Red Sox batting - Pitching for Scranton WB RailRiders : RHP Whitney Batten
|
|
Batting: RHB Rodolfo Contreras
|
0-0: Ball 1-0: Ball 2-0: Ball 3-0: Called Strike 3-1: Base on Balls
|
|
Batting: LHB Frank Olivo
|
0-0: Ball 1-0: Called Strike 1-1: Foul Ball, location: 2F 1-2: Ball 2-2: Foul Ball, location: 2F 2-2: Foul Ball, location: 2F 2-2: Fly out, F9 (Flyball, 89M, EV 94.4 MPH)
|
|
Batting: RHB Brandon Perris
|
0-0: Swinging Strike 0-1: Foul Ball, location: 2F 0-2: DOUBLE (Groundball, 5L, EV 105.6 MPH) Rodolfo Contreras to third
|
|
Batting: RHB Joe Evrard
|
0-0: Swinging Strike 0-1: Ball 1-1: Ball 2-1: Called Strike 2-2: Ground out U3 (Groundball, 34S, EV 82.5 MPH)
|
|
Batting: RHB Ted Emmerich
|
0-0: Foul Ball, location: 2F 0-1: Ball 1-1: Ball 2-1: Foul Ball, location: 2F 2-2: Foul Ball, location: 2F 2-2: Foul Ball, location: 2F 2-2: Foul Ball, location: 2F 2-2: Strikes out looking
|
| Top of the 6th over - 0 runs, 1 hit, 0 errors, 2 left on base; Pawtucket 5 - Scranton WB 2 |
| BOTTOM OF THE 6TH |
|
Scranton WB RailRiders batting - Pitching for Pawtucket Red Sox : RHP Justin Swenson
|
|
Batting: RHB Mike Plugge
|
0-0: Called Strike 0-1: Swinging Strike 0-2: Ball 1-2: Ball 2-2: Ball 3-2: Base on Balls
|
|
Batting: SHB Jay Gagnon
|
0-0: Ball 1-0: Called Strike 1-1: Foul Ball, location: 2F 1-2: Ball 2-2: Foul Ball, location: 2F 2-2: Ball 3-2: Foul Ball, location: 2F 3-2: Fly out, F1 (Line Drive, P, EV 73.8 MPH)
|
|
Batting: RHB Andy Wasierski
|
0-0: Ball 1-0: Ball 2-0: Ball 3-0: Called Strike 3-1: Base on Balls Mike Plugge to second
|
|
Batting: RHB Devon Utley
|
0-0: Ball 1-0: Foul Ball, location: 2F 1-1: Foul Ball, location: 2F 1-2: Fly out, F9 (Flyball, 89M, EV 88.8 MPH)
|
|
Batting: SHB Ryan Buchbinder
|
0-0: Called Strike 0-1: Swinging Strike 0-2: Ball 1-2: Ground out 4-3 (Groundball, 4, EV 101.9 MPH)
|
| Bottom of the 6th over - 0 runs, 0 hits, 0 errors, 2 left on base; Pawtucket 5 - Scranton WB 2 |
| TOP OF THE 7TH |
|
Pawtucket Red Sox batting - Pitching for Scranton WB RailRiders : RHP Whitney Batten
|
|
Pitching: RHP Johnny Marquez
|
|
|
Pinch Hitting: SHB Ben Ervin
|
0-0: Swinging Strike 0-1: Ball 1-1: Ball 2-1: Fly out, F6 (Line Drive, 6MD, EV 67.5 MPH)
|
|
Batting: RHB Tony Nunez
|
0-0: Called Strike 0-1: Ball 1-1: Foul Ball, location: 2F 1-2: Ball 2-2: Ball 3-2: Base on Balls
|
|
Batting: RHB Dave Burwell
|
0-0: Ball 1-0: Ball 2-0: Swinging Strike 2-1: Ball 3-1: Swinging Strike 3-2: Strikes out swinging
|
|
Batting: LHB David Moore
|
0-0: Ball 1-0: Ball 2-0: Ball 3-0: Base on Balls Tony Nunez to second
|
|
Batting: RHB Rodolfo Contreras
|
0-0: Called Strike 0-1: Ball 1-1: Ball 2-1: Ball 3-1: Called Strike 3-2: Foul Ball, location: 2F 3-2: Reached on error, E6 (Groundball, 6, EV 110.0 MPH) Tony Nunez to third David Moore to second
|
|
Batting: LHB Frank Olivo
|
0-0: Ball 1-0: Swinging Strike 1-1: Ball 2-1: Swinging Strike 2-2: Ball 3-2: Strikes out swinging
|
| Top of the 7th over - 0 runs, 0 hits, 1 error, 3 left on base; Pawtucket 5 - Scranton WB 2 |
| BOTTOM OF THE 7TH |
|
Scranton WB RailRiders batting - Pitching for Pawtucket Red Sox : RHP Justin Swenson
|
|
Now at 1B: Ben Ervin
|
|
|
Now at 2B: Frank Olivo
|
|
|
Batting: SHB Jose Vargas
|
0-0: Ground out 4-3 (Groundball, 4, EV 100.0 MPH)
|
|
Batting: SHB Joe Fure
|
0-0: Ball 1-0: Called Strike 1-1: Called Strike 1-2: Foul Ball, location: 2F 1-2: Strikes out swinging
|
|
Batting: RHB Alfredo Rodriguez
|
0-0: Ball 1-0: Foul Ball, location: 2F 1-1: Ground out 4-3 (Groundball, 6MD, EV 108.1 MPH)
|
| Bottom of the 7th over - 0 runs, 0 hits, 0 errors, 0 left on base; Pawtucket 5 - Scranton WB 2 |
| TOP OF THE 8TH |
|
Pawtucket Red Sox batting - Pitching for Scranton WB RailRiders : RHP Johnny Marquez
|
|
Pitching: RHP Jim Milch
|
|
|
Batting: RHB Brandon Perris
|
0-0: Fly out, F8 (Line Drive, 78M, EV 105.0 MPH)
|
|
Batting: RHB Joe Evrard
|
0-0: Foul Ball, location: 2F 0-1: Ground out 2-3 (Groundball, 15S, EV 61.9 MPH)
|
|
Batting: RHB Ted Emmerich
|
0-0: SINGLE (Groundball, 6MS, EV 70.0 MPH) (infield hit)
|
|
Batting: SHB Ben Ervin
|
0-0: Ball 1-0: Fielders Choice at 2nd, 5-4 (Groundball, 56, EV 83.8 MPH)
|
| Top of the 8th over - 0 runs, 1 hit, 0 errors, 1 left on base; Pawtucket 5 - Scranton WB 2 |
| BOTTOM OF THE 8TH |
|
Scranton WB RailRiders batting - Pitching for Pawtucket Red Sox : RHP Justin Swenson
|
|
Batting: LHB Jose Lebron
|
0-0: Ball 1-0: Foul Ball, location: 2F 1-1: Ball 2-1: Foul Ball, location: 2F 2-2: SINGLE (Line Drive, 6MD, EV 102.5 MPH)
|
|
Pitching: RHP Jaime Dunning
|
|
|
Pinch Hitting: LHB Aaron Joyner
|
0-0: Ball 1-0: Foul Ball, location: 2F 1-1: Called Strike 1-2: Strikes out swinging
|
|
Batting: SHB Jay Gagnon
|
0-0: Ball 1-0: Ball Wild Pitch! Jose Lebron to second 2-0: Ball 3-0: Base on Balls
|
|
Batting: RHB Andy Wasierski
|
0-0: Called Strike 0-1: Ball 1-1: Foul Ball, location: 2F 1-2: Ball 2-2: Foul Ball, location: 2F 2-2: Strikes out swinging
|
|
Batting: RHB Devon Utley
|
0-0: Called Strike 0-1: Ball 1-1: Ball 2-1: TRIPLE (Flyball, 89XD, EV 110.0 MPH) Jose Lebron scores Jay Gagnon scores
|
|
Batting: SHB Ryan Buchbinder
|
0-0: Called Strike 0-1: Swinging Strike 0-2: Ball 1-2: 2-RUN HOME RUN (Flyball, 9D, EV 97.5 MPH), Distance : 381 ft
|
|
Pitching: RHP Billy Fitzgerald
|
|
|
Batting: SHB Jose Vargas
|
0-0: Called Strike 0-1: Ball 1-1: Foul Ball, location: 2F 1-2: Strikes out swinging
|
| Bottom of the 8th over - 4 runs, 3 hits, 0 errors, 0 left on base; Pawtucket 5 - Scranton WB 6 |
| TOP OF THE 9TH |
|
Pawtucket Red Sox batting - Pitching for Scranton WB RailRiders : RHP Jim Milch
|
|
Pitching: RHP Ricky Mercer
|
|
|
Now at 3B: Eric Davis
|
|
|
Batting: RHB Tony Nunez
|
0-0: Ball 1-0: Ball 2-0: Called Strike 2-1: Called Strike 2-2: Foul Ball, location: 2F 2-2: Fly out, F7 (Line Drive, 7LM, EV 99.4 MPH)
|
|
Batting: RHB Dave Burwell
|
0-0: Swinging Strike 0-1: Foul Ball, location: 2F 0-2: Ball 1-2: Fly out, F9 (Line Drive, 9D, EV 91.9 MPH)
|
|
Batting: LHB David Moore
|
0-0: Ball 1-0: Ball 2-0: Called Strike 2-1: Ball 3-1: Ground out 5-3 (Groundball, 5, EV 103.8 MPH)
|
| Top of the 9th over - 0 runs, 0 hits, 0 errors, 0 left on base; Pawtucket 5 - Scranton WB 6 |
|